Map: Acid Plant LE

Players

Quasar - Winner!

  • Race: Terran Terran
  • League: Diamond
  • Spawn Location: 5:00

Blazefort

  • Race: Terran Terran
  • League: Platinum
  • Spawn Location: 11:00

VOD

Have the link to the VOD?

Description

Time

  • Played on: Aug. 16, 2018, 10:45 p.m.
  • Length: 12:14
Show
View Real Time Build Order
Export as new Build Order

Quasar Terran - Winner!

Build Orders: Reaper Expand 

Get SALT Encoding   

  12  0:01  SCV  
  13  0:13  SCV  
  14  0:18  Supply Depot  
  14  0:25  SCV  
  15  0:39  SCV  
  15  0:41  Barracks  
  16  0:47  Refinery  
  16  0:51  SCV  
  17  1:03  SCV  
  18  1:16  SCV  
  19  1:28  Orbital Command  
  19  1:30  Reaper  
  20  1:42  Command Center  
  20  1:53  SCV  
  21  1:59  Barracks  
  21  2:02  Barracks Reactor  
  21  2:11  SCV  
  21  2:15  Refinery  
  22  2:17  Supply Depot  
  22  2:27  Factory  
  22  2:28  SCV  
  23  2:40  SCV  
  24  2:48  Marine  
  24  2:50  Barracks Tech Lab  
  25  2:52  SCV  
  25  2:56  Orbital Command  
  26  2:58  Marine  
  26  3:04  SCV  
  28  3:06  Marine  
  28  3:13  Marine  
  28  3:14  Stimpack  
  28  3:16  SCV, Marine  
  28  3:18  Factory Reactor  
  31  3:23  SCV  
  32  3:28  SCV  
  32  3:31  Marine  
  34  3:35  SCV, Marine  
  34  3:40  SCV  
  36  3:52  SCV, Marine x3  
  36  3:53  SCV  
  41  4:00  Starport  
  41  4:06  SCV x2, Supply Depot x2  
  43  4:10  Marine  
  43  4:12  Factory Tech Lab  
  43  4:14  Marine x2  
  46  4:27  SCV x2, Supply Depot  
  46  4:28  Marine  
  48  4:32  Marine  
  49  4:40  SCV x2, Siege Tank  
  49  4:41  Marine  
  55  4:45  Marine  
  55  4:47  Medivac, Command Center  
  55  4:49  Medivac  
  55  4:52  Marine  
  61  5:02  SCV x2, Bunker  
  61  5:03  Marine  
  64  5:11  Supply Depot  
  64  5:12  Marine x2, Supply Depot  
  66  5:14  SCV x2  
  68  5:26  SCV x2  
  70  5:32  Marine x3  
  70  5:33  Medivac, Siege Tank  
  78  5:37  Barracks  
  78  5:41  SCV x2  
  80  5:50  Marine x3  
  80  5:53  SCV x2, Supply Depot  
  85  5:58  Orbital Command  
  85  6:03  Refinery x2  
  85  6:08  Marine x2, Siege Tank  
  85  6:09  Marine  
  91  6:11  SCV  
  91  6:12  SCV  
  91  6:13  Medivac  
  94  6:30  Marine x3  
  89  6:39  Marine  
  83  6:48  Marauder  
  83  6:50  Orbital Command  
  74  7:02  Marine x3  
  77  7:09  Marine  
  73  7:20  Marine x3  
  73  7:21  SCV  
  73  7:22  SCV x2  
  70  7:27  Marine  
  70  7:30  Factory Tech Lab  
  70  7:34  SCV x3, Barracks  
  73  7:38  Marine  
  74  7:45  Marine x2, Marauder  
  74  7:46  SCV  
  79  7:55  Marine  
  79  7:56  SCV x2  
  79  7:58  SCV  
  83  8:02  Marine x2  
  85  8:07  Marauder  
  85  8:08  SCV x2  
  85  8:10  SCV  
  89  8:13  Marine  
  90  8:20  Marine  
  90  8:21  Barracks Reactor  
  90  8:22  Barracks Reactor  
  90  8:25  Barracks  
  91  8:27  Supply Depot  
  91  8:28  Supply Depot x2  
  91  8:30  Marine  
  91  8:31  Marine  
  93  8:38  Marine  
  93  8:40  Siege Tank  
  90  8:47  Viking  
  91  8:48  Engineering Bay  
  91  8:49  Engineering Bay  
  91  8:53  Marine x2  
  93  8:56  Marine  
  94  9:10  Marine  
  94  9:11  Marine  
  94  9:12  Siege Tank  
  94  9:14  Marine  
  95  9:17  Viking, Marine  
  95  9:18  Marine x3  
  86  9:28  Marine x2  
  82  9:31  Marine  
  82  9:35  Marine x3, Missile Turret  
  84  9:44  Marine  
  71  9:45  Siege Tank  
  71  9:46  Marine x2  
  76  9:58  Marine x4  
  80  10:02  Marine  
  80  10:04  Marine  
  82  10:17  Marine x5  
  87  10:34  Marine x2  
  87  10:35  Marine x2  
  91  10:56  Marine x3  
  91  10:57  Marine x5  
  99  11:13  SCV  
  99  11:14  SCV, Marine  
  102  11:19  Supply Depot  
  102  11:20  Supply Depot  
  102  11:21  Refinery  
  102  11:40  SCV, Marine x7  
  102  11:42  SCV, Marine  
  111  11:52  SCV  
  113  11:54  SCV  
Show
View Real Time Build Order
Export as new Build Order

Blazefort Terran 

Build Orders: Reaper Expand 

Get SALT Encoding   

  12  0:00  SCV  
  13  0:12  SCV  
  14  0:17  Supply Depot  
  14  0:25  SCV  
  15  0:30  Refinery  
  15  0:38  SCV  
  16  0:45  Barracks  
  16  0:50  SCV  
  17  1:02  SCV  
  18  1:15  SCV  
  19  1:31  Orbital Command  
  19  1:32  Reaper  
  20  1:48  Command Center  
  20  2:00  SCV  
  21  2:01  Supply Depot  
  21  2:04  Reaper  
  22  2:15  SCV  
  22  2:20  Factory  
  22  2:27  SCV  
  22  2:48  SCV  
  23  2:55  Barracks Reactor, Refinery  
  23  3:00  SCV  
  24  3:06  Factory Reactor  
  24  3:12  SCV  
  25  3:18  Barracks  
  25  3:24  SCV  
  25  3:26  Orbital Command  
  26  3:36  SCV  
  27  3:41  Marine x2  
  29  3:55  SCV x2  
  31  3:59  Marine x2  
  33  4:05  Starport, Factory Tech Lab  
  33  4:07  SCV x2  
  33  4:09  Barracks Tech Lab  
  35  4:16  Engineering Bay  
  35  4:18  Marine  
  35  4:19  SCV x2, Marine  
  35  4:20  Supply Depot  
  39  4:29  Marine  
  40  4:36  Marine x2, Siege Tank  
  45  4:43  Medivac x2  
  45  4:44  SCV x2  
  51  4:47  Marine, Refinery  
  51  4:48  Refinery  
  51  4:50  Stimpack  
  52  4:56  Supply Depot, Missile Turret  
  52  4:57  SCV  
  52  4:58  SCV  
  54  5:05  Supply Depot  
  54  5:18  SCV x2, Marine x3, Siege Tank  
  61  5:30  SCV  
  61  5:33  SCV  
  62  5:36  Marine x2  
  62  5:37  Supply Depot  
  62  5:39  Barracks  
  62  5:40  Supply Depot  
  62  5:42  SCV  
  65  5:45  SCV  
  65  5:47  Marine  
  67  5:54  SCV, Marine x2  
  70  5:59  SCV  
  70  6:04  Supply Depot x2  
  71  6:08  SCV  
  72  6:11  SCV  
  66  6:28  Liberator x2  
  48  6:36  Marine x3  
  48  6:37  Siege Tank  
  61  6:47  SCV  
  61  6:53  Missile Turret  
  61  6:54  Marine x3  
  60  7:02  Marine  
  61  7:11  Marine x2  
  61  7:12  Marine  
  58  7:16  SCV  
  54  7:28  SCV  
  54  7:29  Marine x2  
  56  7:30  Marine x2  
  59  7:42  SCV  
  60  7:47  Marine x4  
  60  7:48  Command Center  
  64  7:54  SCV  
  65  8:05  Marine  
  66  8:06  SCV, Marine x2  
  66  8:08  Barracks Reactor  
  69  8:16  Supply Depot  
  69  8:18  SCV  
  70  8:23  Marine  
  71  8:29  Marine x2  
  71  8:30  SCV  
  74  8:38  Medivac  
  74  8:41  Marine  
  77  8:47  Marine x2  
  79  8:52  SCV  
  80  8:58  Marine  
  81  9:04  SCV  
  81  9:06  Marine x2  
  81  9:07  Marine x2  
  86  9:14  Siege Tank  
  86  9:16  Marine  
  69  9:24  Marine x4  
  56  9:34  Marine  
  46  9:42  Marine x3  
  49  9:46  Marine  
  49  9:52  Marine  
  47  10:00  Marine x2  
  49  10:23  Marine x2  
  33  11:11  Viking  
  35  11:27  SCV  
Tags
 
Add a new tag
Caveats
  • Supply blocks, unpowered buildings, or Contaminate may cause inaccurate times.
  • Supply counts are checked every 10 seconds.